 Dungeon Crawl Stone Soup version 0.28.0-45-g0d030f2227 (webtiles) character file.

Game seed: 4823838908004346446

514 CryoSword the Firebug (level 6, 0/50 HPs)
             Began as a Demigod Fire Elementalist on Apr 5, 2022.
             Slain by an orc wizard
             ... wielding a +0 dagger
              (3 damage)
             ... on level 4 of the Dungeon.
             The game lasted 00:08:24 (5681 turns).

CryoSword the Firebug (Demigod Fire Elementalist)   Turns: 5681, Time: 00:08:24

Health: 0/50       AC:  3    Str: 13    XL:     6   Next: 67%
Magic:  2/11       EV: 11    Int: 21    God:
Gold:   187        SH:  0    Dex: 14    Spells: 5/8 levels left

rFire   + . .      SeeInvis .   i - +4 hand axe "Nuth" {drain, +Blink rF+}
rCold   . . .      Faith    .   (no shield)
rNeg    . . .      Spirit   .   d - +0 leather armour
rPois   .          Reflect  .   (no helmet)
rElec   .          Harm     .   (no cloak)
rCorr   .          Rampage  .   (no gloves)
Will    .....                   (no boots)
Stlth   ++........              (no amulet)
HPRegen 0.16/turn               (no ring)
MPRegen 0.12/turn               (no ring)

@: no status effects
A: high MP 1, forlorn, divine attributes
a: Evoke Blink


You were on level 4 of the Dungeon.
You visited 1 branch of the dungeon, and saw 5 of its levels.

You collected 187 gold pieces.

Inventory:

Hand Weapons
 i - the +4 hand axe "Nuth" (weapon) {drain, +Blink rF+}
   (You found it on level 3 of the Dungeon)

   A truly terrible weapon, it drains the life of any living foe it strikes.
   rF:        It protects you from fire.
   +Blink:    It lets you blink.
Armour
 d - a +0 leather armour (worn)
   (You took it off an orc on level 4 of the Dungeon)
Scrolls
 b - a scroll of enchant armour {unknown}
 c - 2 scrolls of enchant weapon
 e - a scroll of teleportation {unknown}
 f - a scroll of identify {unknown}
Potions
 g - a potion of berserk rage {unknown}


   Skills:
 + Level 2.4 Fighting
 - Level 1.7 Dodging
 + Level 3.3 Stealth
 - Level 1.7 Spellcasting
 * Level 3.8 Conjurations
 * Level 4.7 Fire Magic


You had 5 spell levels left.
You knew the following spells:

 Your Spells              Type           Power      Damage    Failure   Level
a - Foxfire               Conj/Fire      76%        2x1d7     3%          1
b - Scorch                Fire           42%        2d7       4%          2

Your spell library contained the following spells:

 Spells                   Type           Power      Damage    Failure   Level
 Conjure Flame            Conj/Fire      19%        6-21      10%         3
 Summon Small Mammal      Summ           4%         N/A       19%         1
 Inner Flame              Hex/Fire       11%        N/A       22%         3
 Flame Wave               Conj/Fire      19%        2d6       32%         4
 Call Canine Familiar     Summ           1%         N/A       50%         3
 Summon Guardian Golem    Hex/Summ       1%         N/A       50%         3
 Cause Fear               Hex            0%         N/A       88%         4
 Discord                  Hex            0%         N/A       100%        8


Dungeon Overview and Level Annotations

Branches:
Dungeon (5/15)
 Temple: D:4-7


Innate Abilities, Weirdness & Mutations

You have an increased reservoir of magic. (+10% MP)
You shall have no god before yourself.
Your divine heritage dramatically boosts your attributes as you level up.


Message History

Flames lash the orc.
The orc's fire resistance burns away.
You feel sick.
The foxfire hits the orc.
The orc is burned terribly!
You kill the orc!
The orc wizard hits you with a +0 dagger.
You are too injured to fight recklessly!
You hit the orc wizard. You drain the orc wizard. You closely miss the orc.
You feel sick.
The orc wizard hits you with a +0 dagger.
* * * LOW HITPOINT WARNING * * *
The orc hits you with a +0 dagger.
* * * LOW HITPOINT WARNING * * *
The orc wizard hits you with a +0 dagger.
* * * LOW HITPOINT WARNING * * *
You slash the orc!
You kill the orc!
You hit the orc wizard.
You feel sick. The orc wizard closely misses you.
You feel sick.
You see here 28 sling bullets.
Flames lash the orc wizard.
The orc wizard's fire resistance burns away.
You feel sick.
You are no longer poisoned.
The orc wizard closely misses you.
Flames lash the orc wizard.
The orc wizard is burned terribly!
You kill the orc wizard!
You see here a hound corpse.
There is a stone staircase leading up, spattered with blood here.
You climb upwards.
There is a stone staircase leading down here.
You start resting.
You start resting.
You climb downwards.
There is a stone staircase leading up, spattered with blood here.
Search for what [Enter for "weapon", or ? for help]? armor You see here a hound skeleton.
You see here 28 sling bullets.
Items here: ) [ ÷÷.
Items here: ))) [[ ÷.
d - a +0 leather armour You start removing your armour.
You continue taking off your +0 robe. x4
You finish taking off your +0 robe.
You start putting on your armour.
You continue putting on your +0 leather armour. x5
You finish putting on your +0 leather armour.
You drop a +0 robe.
Things that are here:
a +0 dagger of venom; a goblin skeleton
a - a +0 dagger of venom You drop a +0 dagger of venom.
You now have 187 gold pieces (gained 7).
A hobgoblin comes into view.
A hobgoblin is nearby!
A hobgoblin is nearby!
A hobgoblin is nearby!
Flames lash the hobgoblin.
You kill the hobgoblin!
Nothing appears to happen.
Unknown command.
You see here a hobgoblin corpse.
Found 13 bolts and 13 stones.
Found 29 stones.
Done exploring.
Done exploring.
Done exploring.
Done exploring.
Things that are here:
a +0 dagger of venom; a goblin skeleton
Items here: ) [ ÷÷.
You see here 28 sling bullets.
You see here a hound skeleton.
There is a stone staircase leading up, spattered with blood here.
There is a stone staircase leading down here.
You climb downwards.
Found a stone staircase leading up.
There is a stone staircase leading up here.
A jackal is nearby!
A jackal is nearby! 2 jackals come into view.
Flames lash the jackal.
You kill the jackal!
The jackal barks! x2
The jackal barely misses you.
You conjure some foxfire!
The jackal closely misses you. The jackal misses you.
Flames lash the jackal.
You kill the jackal!
The foxfire hits the jackal.
You kill the jackal!
You conjure some foxfire!
Unknown command.
A jelly comes into view.
A jelly is nearby!
A jelly is nearby!
The jelly quivers.
There is a stone staircase leading up here.
Flames lash the jelly.
The jelly's fire resistance burns away.
Flames lash the jelly.
The jelly is burned terribly!
You kill the jelly!
An orc comes into view. It is wielding a +0 club.
The orc shouts!
You hear a shout!
An orc priest comes into view. It is wielding a +0 short sword.
You hear a shout!
There are monsters nearby!
There are monsters nearby!
There are monsters nearby! 2 orc priests, an orc and a scorpion come into view.
The orc priest shouts!
You hear a shout!
The orc priest shouts!
You hit the scorpion. The scorpion closely misses you.
The orc priest calls down the wrath of Beogh upon you.
Beogh smites you!
Flames lash the scorpion.
The scorpion's fire resistance burns away.
The scorpion stings you.
The orc priest looks satisfied for a moment.
Flames lash the orc priest.
The orc priest's fire resistance burns away.
You hear a shout!
The scorpion stings you but does no damage.
An orc comes into view. It is wielding a +0 trident.
The orc closely misses you. The scorpion closely misses you.
An orc wizard comes into view. It is wielding a +0 dagger.
An orc comes into view. It is wielding a +0 mace.
The orc priest invokes the aid of Beogh against you.
Beogh smites you!
* * * LOW HITPOINT WARNING * * *
An orc comes into view. It is wielding a +0 hand axe.
The orc wizard hits you but does no damage.
The scorpion is no longer more vulnerable to fire.
The orc priest is no longer more vulnerable to fire.
There is a stone staircase leading up here.
The orc hits you with a +0 club.
* * * LOW HITPOINT WARNING * * *
The orc wizard hits you with a +0 dagger.
* * * LOW HITPOINT WARNING * * *
The orc priest mumbles some strange prayers to Beogh against you.
Beogh smites you!
* * * LOW HITPOINT WARNING * * *
You climb upwards.
There is a stone staircase leading down here.
Flames lash the orc.
You kill the orc!
The orc wizard hits you with a +0 dagger.
* * * LOW HITPOINT WARNING * * *
Okay, then.
Flames lash the orc wizard.
The orc wizard's fire resistance burns away.
The orc wizard hits you with a +0 dagger.
* * * LOW HITPOINT WARNING * * *
Flames lash the orc wizard.
The orc wizard is burned terribly!
The orc wizard hits you with a +0 dagger.
You die...

#..# # #..# ## #..# .#
#<.# .# ##.## .########
#..## ........#######
#...#
.######.......#####.#.#
)# #######..o@)..#.# )#
######....# .# ##.###
.## #.# ..### #.# ....#
#.# ....# ##)## ....#
#...# ....# #...#


You could see an orc wizard (combustible).

Vanquished Creatures
  2 scorpions (D:4)
  A water moccasin skeleton (D:4)
  A hound (D:4)
  A jelly (D:5)
  A gnoll shaman (D:4)
  Terence (D:3)
  An orc wizard (D:4)
  4 gnolls (D:4)
  A howler monkey skeleton (D:4)
  5 adders
  5 worms
  2 dart slugs
  8 orcs
  4 bats
  4 endoplasms
  5 giant cockroaches
  18 goblins
  7 hobgoblins
  3 jackals (D:5)
  9 kobolds
  2 quokkas
  9 ball pythons
  A rat (D:3)
95 creatures vanquished.

Vanquished Creatures (others)
  171 foxfires
171 creatures vanquished.

Grand Total: 266 creatures vanquished

Notes
Turn   | Place    | Note
-------+----------+-------------------------------------------
     0 | D:1      | CryoSword the Demigod Fire Elementalist began the quest for
                  | the Orb.
     0 | D:1      | Reached XP level 1. HP: 14/14 MP: 5/5
    56 | D:1      | Reached skill level 1 in Conjurations
   496 | D:1      | Reached XP level 2. HP: 21/22 MP: 4/7
   646 | D:1      | Reached skill level 3 in Fire Magic
   994 | D:1      | Learned a level 2 spell: Scorch
  1127 | D:2      | Reached XP level 3. HP: 25/27 MP: 1/8
  1192 | D:2      | Reached skill level 1 in Fighting
  2126 | D:3      | Reached XP level 4. HP: 24/35 MP: 2/9
  2485 | D:3      | Noticed Terence
  2496 | D:3      | Killed Terence
  2708 | D:3      | Identified the +4 hand axe "Nuth" {drain, +Blink rF+}
  3707 | D:4      | Reached XP level 5. HP: 40/40 MP: 5/10
  3990 | D:4      | Reached skill level 4 in Fire Magic
  4419 | D:4      | Reached XP level 6. HP: 12/48 MP: 0/11
  5558 | D:5      | Entered Level 5 of the Dungeon
  5681 | D:4      | Slain by an orc wizard

Illustrated notes

Levels and vault maps discovered:
D:1:      nzn_arrival_crosshair, layout_rooms,
          hellmonk_ecumenical_altar_zigzags, chequers_serial_rivers_large_a,
          hangedman_feature_mirror
D:2:      layout_rooms, kennysheep_another_room
D:3:      layout_basic, uniq_terence
D:4:      layout_rooms
D:5:      layout_loops_ring, serial_co_window_serial, co_window_cross_1,
          co_window_paths_a, co_window_corner_a, co_window_of_opportunity_a,
          co_window_paths_b, co_window_of_opportunity_a, co_window_corner_a,
          co_window_2corner, co_window_2corner, co_window_corner_cb,
          co_window_4corner_a, glass_columns_a, glass_columns_a,
          glass_columns_a, glass_columns_a, glass_columns_a, uniq_ijyb,
          uniq_blork_the_orc

Skill      XL: |  1  2  3  4  5 |
---------------+----------------+-----
Conjurations   | 1 2 3 |  3.8
Stealth        | 2 3 |  3.3
Fire Magic     | 3 4 |  4.7
Fighting       | 1 2 |  2.4
Dodging        | |  1.7
Spellcasting   | |  1.7

Action                   |  1- 3 |  4- 6 || total
-------------------------+-------+-------++-------
Melee: Dagger            |     5 |       ||     5
       Short sword       |     9 |    10 ||    19
       Hand axe          |       |    27 ||    27
       Punch             |       |     1 ||     1
 Cast: Foxfire           |    68 |    28 ||    96
       Scorch            |    18 |    53 ||    71
  Use: Scroll            |       |     1 ||     1
       Potion            |       |     2 ||     2
 Stab: Sleeping          |     1 |     2 ||     3
Armor: Robe              |     3 |     7 ||    10
       Leather armour    |       |     2 ||     2
Dodge: Dodged            |    17 |    46 ||    63
